 Dungeon Crawl Stone Soup version 0.27.1-33-g824d729ab1 (webtiles) character file.

Game seed: 3342029986173669055

177 MisterFreud the Chopper (level 5, 0/45 HPs)
             Began as a Hill Orc Abyssal Knight on Dec 20, 2021.
             Was a Believer of Lugonu.
             Succumbed to an adder's poison
             ... on level 3 of the Dungeon.
             The game lasted 00:06:29 (3464 turns).

MisterFreud the Chopper (Hill Orc Abyssal Knight)   Turns: 3464, Time: 00:06:30

Health: 0/45       AC:  8    Str: 15 (16) XL:     5   Next: 57%
Magic:  6/6        EV:  6    Int: 11 (12) God:    Lugonu [**....]
Gold:   127        SH:  0    Dex:  8 (10) Spells: 4/4 levels left

rFire    + + .     SeeInvis .   a - +1 hand axe
rCold    + . .     Faith    .   (no shield)
rNeg     . . .     Spirit   .   e - +0 chain mail
rPois    +         Reflect  .   (no helmet)
rElec    +         Harm     .   (no cloak)
rCorr    +         Rampage  .   (no gloves)
Will     .....                  (no boots)
Stlth    ..........             (no amulet)
HPRegen  0.15/turn              n - ring of protection from fire
MPRegen  0.10/turn              (no ring)

@: lethally poisoned (0 -> -2), resistant
A: no striking features
a: Renounce Religion, Depart the Abyss, Bend Space


You were on level 3 of the Dungeon.
You worshipped Lugonu.
Lugonu was pleased with you.
You visited 1 branch of the dungeon, and saw 3 of its levels.
You visited the Abyss 1 time.

You collected 127 gold pieces.

Inventory:

Hand Weapons
 a - a +1 hand axe (weapon)
Missiles
 h - 13 poisoned darts (quivered)
Armour
 b - a +0 leather armour
 e - a +0 chain mail (worn)
Jewellery
 c - an amulet of regeneration
 n - a ring of protection from fire (left hand)
Wands
 m - a wand of acid (8)
Scrolls
 d - a scroll of immolation {unknown}
 f - 3 scrolls of identify {unknown}
 g - a scroll of enchant armour {unknown}
 i - a scroll of fear {unknown}
 j - a scroll of magic mapping {unknown}
 k - a scroll of teleportation {unknown}


   Skills:
 - Level 3.6 Fighting
 + Level 7.4 Axes
 - Level 2.1 Armour
 - Level 0.7 Dodging
 - Level 2.4 Invocations


You had 4 spell levels left.
You didn't know any spells.
Your spell library was empty.

Dungeon Overview and Level Annotations

Branches:
Dungeon (3/15)

Altars:

Annotations:
D:3 3 runed translucent doors, Discosetron's ghost, amateur DjAE


Message History

You are poisoned.
The adder poisons you! The adder bites you but does no damage.
You closely miss the adder.
The adder is almost dead.
You feel sick. The adder bites you but does no damage.
You completely miss the adder.
The adder is almost dead.
You feel sick. The adder bites you.
* * * LOW HITPOINT WARNING * * *
You are more poisoned.
The adder poisons you!
You closely miss the adder.
The adder is almost dead.
* * * LOW HITPOINT WARNING * * *
You feel sick. The adder bites you but does no damage. The adder bites you.
* * * LOW HITPOINT WARNING * * *
You closely miss the adder.
The adder is almost dead.
* * * LOW HITPOINT WARNING * * *
You feel sick. The adder bites you but does no damage.
Unknown command.
Okay, then.
You feel protected.
* * * LOW HITPOINT WARNING * * *
You feel sick. The adder bites you but does no damage.
Unknown command.
Unknown command.
There is a lethal amount of poison in your body!
You closely miss the adder.
The adder is almost dead.
* * * LOW HITPOINT WARNING * * *
You feel sick. The adder bites you but does no damage.
You hit the adder.
You kill the adder!
Lugonu accepts your kill.
* * * LOW HITPOINT WARNING * * *
You feel sick.
You aren't carrying any potions.
Unknown command.
You die...

.....##.#
#....#8.8#....##
..#### .##.
####.#####.# ##
.## .#..## ..
#.......# ..
...## #.
#####.### #. #
#..## #. #..# #.#
#..# .## #.##
...###..## ..#
##.# #......###.#
#..#
#.#....@...###.##
#.....###..##..#
#..###..#
##.##.##
#.#####.##.#
#.......##.#
....####.##..#
.#..####.#..##
..........##
###..#######


There were no monsters in sight!

Vanquished Creatures
  2 orc wizards (D:3)
  4 adders
  2 worms
  An orc (D:3)
  10 ball pythons
  6 endoplasms
  7 giant cockroaches
  5 goblins
  5 hobgoblins
  11 jackals
  2 quokkas
  8 bats
  5 frilled lizards
  6 kobolds
  8 rats
82 creatures vanquished.

Notes
Turn   | Place    | Note
-------+----------+-------------------------------------------
     0 | Abyss:1  | MisterFreud the Hill Orc Abyssal Knight began the quest for
                  | the Orb.
     0 | Abyss:1  | Reached XP level 1. HP: 19/19 MP: 2/2
    38 | Abyss:1  | Noticed a starcursed mass
    40 | D:1      | Escaped the Abyss
   151 | D:1      | Reached skill level 3 in Axes
   493 | D:1      | Reached XP level 2. HP: 26/26 MP: 3/3
   593 | D:1      | Reached * piety under Lugonu
   632 | D:1      | Reached skill level 4 in Axes
   865 | D:1      | Reached XP level 3. HP: 25/31 MP: 4/4
  1303 | D:2      | Reached skill level 5 in Axes
  1406 | D:2      | Reached ** piety under Lugonu
  1482 | D:2      | Reached XP level 4. HP: 24/39 MP: 5/5
  2270 | D:3      | Reached skill level 6 in Axes
  2334 | D:3      | HP: 1/87 [orc wizard/magic dart (7)]
  2691 | D:3      | Found a runed translucent gate.
  2694 | D:3      | Found a runed translucent gate.
  2702 | D:3      | Reached XP level 5. HP: 38/45 MP: 6/6
  2708 | D:3      | Found a runed translucent gate.
  3028 | D:3      | Noticed Discosetron's ghost (amateur DjAE)
  3060 | D:3      | Reached skill level 7 in Axes
  3349 | D:3      | Found a faded altar of an unknown god.
  3461 | D:3      | HP: 2/45 [poisoned by an adder]
  3464 | D:3      | Succumbed to an adder's poison

Illustrated notes

Levels and vault maps discovered:
D:1:      ncdulo_wetmaze, layout_basic, minivault_5
D:2:      layout_loops_cross, minmay_tetromino_i2
D:3:      layout_rooms, dreamdust_ecumenical_altar_angels_and_demons,
          gammafunk_ghost_icy, minmay_starry_boxes

Skill      XL: |  1  2  3  4  5 |
---------------+----------------+-----
Axes           | 3 4 5 6 7 |  7.4
Fighting       | |  3.6
Armour         | |  2.1
Dodging        | |  0.7
Invocations    | |  2.4

Action                   |  1- 3 |  4- 6 || total
-------------------------+-------+-------++-------
Melee: Hand axe          |   115 |   172 ||   287
Throw: Dart              |       |    10 ||    10
Invok: Depart the Abyss  |     1 |       ||     1
  Use: Potion            |       |     7 ||     7
Armor: Leather armour    |    18 |       ||    18
       Chain mail        |    40 |   118 ||   158
       Skin              |       |     9 ||     9
Dodge: Dodged            |    52 |    53 ||   105
